 Dungeon Crawl Stone Soup version 0.24.0-37-gcf1ca852f1 (webtiles) character file.

Game seed: 13715411117068182121, levelgen mode: deterministic

570 kkkmkkk the Skirmisher (level 7, -2/78 HPs)
             Began as an Ogre Transmuter on Nov 22, 2019.
             Slain by an ogre
             ... wielding a +0 giant club
              (14 damage)
             ... on level 7 of the Dungeon.
             The game lasted 00:08:33 (7071 turns).

kkkmkkk the Skirmisher (Ogre Transmuter)            Turns: 7071, Time: 00:08:34

Health: -2/78      AC:  4    Str: 15      XL:     7   Next: 34%
Magic:  0/10       EV: 11    Int: 12 (14) God:
Gold:   280        SH:  0    Dex: 10 (11) Spells: 4/10 levels left

rFire    x . .     SeeInvis .     - Unarmed
rCold    + . .     Gourm    .   (no shield)
rNeg     . . .     Faith    .   b - +0 robe
rPois    .         Spirit   +   (helmet restricted)
rElec    .         Reflect  .   k - +0 cloak
rCorr    .         Harm     .   (gloves unavailable)
MR       .....                  (boots unavailable)
Stlth    +.........             m - amulet of guardian spirit
HPRegen  0.23/turn              g - ring of flight
MPRegen  0.12/turn              q - ring of ice

@: very slightly contaminated
A: large, unfitting armour, tough skin 1
a: Evoke Flight


You were on level 7 of the Dungeon.
You were not hungry.

You visited 1 branch of the dungeon, and saw 5 of its levels.

You collected 280 gold pieces.

Inventory:

Hand Weapons
 h - a +1 dagger of protection
 r - a +3 short sword of venom
Missiles
 a - 35 arrows
 i - 11 poisoned darts (quivered)
Armour
 b - a +0 robe (worn)
 k - a +0 cloak (worn)
Jewellery
 g - a ring of flight (left hand)
 m - an amulet of guardian spirit (around neck)
 o - an uncursed ring of ice
 q - a ring of ice (right hand)
Scrolls
 e - 6 scrolls of remove curse
 f - 2 scrolls of noise
Comestibles
 c - a chunk of flesh
 d - 4 rations


   Skills:
 * Level 7.0 Fighting
 + Level 3.8 Dodging
 + Level 4.4 Unarmed Combat
 - Level 2.4 Spellcasting
 - Level 1.7 Transmutations


You had 4 spell levels left.
You knew the following spells:

 Your Spells              Type           Power        Failure   Level  Hunger
a - Beastly Appendage     Tmut           #.....       13%         1    ##.....
b - Sticks to Snakes      Tmut           #.......     19%         2    ###....
c - Spider Form           Tmut/Pois      #.........   50%         3    ####...

Your spell library contained the following spells:

 Spells                   Type           Power        Failure   Level  Hunger
 Ice Form                 Ice/Tmut       #.......     88%         4    #####..
 Blade Hands              Tmut           #.........   98%         5    ######.


Dungeon Overview and Level Annotations

Branches:
Dungeon (4/15)
 Temple: D:4-7

Altars:
The Shining One


Innate Abilities, Weirdness & Mutations

You are too large for most types of armour.
You have tough skin. (AC +1)


Message History

The hound is lightly wounded.
The orc wizard hits you but does no damage.
The hound bites you but does no damage.
The orc wizard hits you but does no damage.
The ice beast misses you.
You hit the hound.
The hound is heavily wounded.
The hound closely misses you.
The orc wizard hits you but does no damage. x2
The ogre hits you with a +0 giant club!!
* * * LOW HITPOINT WARNING * * *
The ice beast closely misses you.
The orc wizard points at you and mumbles some strange words.
You easily resist.
The hound bites you.
* * * LOW HITPOINT WARNING * * *
You hit the hound.
The hound is severely wounded.
The orc wizard hits you but does no damage.
The ogre hits you with a +0 giant club!
You die...

..... .###.
...#####.....
............
#........$.
#.....$....
#..o.......
#ooaZo.....
#o)hozz....
#{Y@Ozzz...
###########


You could see an ice beast, an ogre, a hound, a worker ant, 5 wights, 2 orc
wizards, 4 orcs and a leopard gecko zombie.

Vanquished Creatures
  A centaur skeleton (D:4)
  2 orc priests
  A bullfrog skeleton (D:4)
  Natasha (twice) (D:3)
  3 orc wizards (D:4)
  2 hound skeletons (D:4)
  5 adders
  A worm (D:3)
  3 dart slugs (D:1)
  2 leopard geckos
  11 orcs
  10 bats
  3 giant cockroaches
  13 hobgoblins
  4 jackals (D:2)
  7 frilled lizards
  12 goblins
  6 kobolds
  7 rats
95 creatures vanquished.

Vanquished Creatures (collateral kills)
  An ogre (D:4)
  2 orc priests
  Natasha (D:3)
  A worker ant (D:4)
  3 worms
  8 orcs
16 creatures vanquished.

Vanquished Creatures (others)
  An orc wizard (D:4)
  2 fungi (D:7)
  A plant (D:7)
4 creatures vanquished.

Grand Total: 115 creatures vanquished

Notes
Turn   | Place    | Note
-------+----------+-------------------------------------------
     0 | D:1      | kkkmkkk the Ogre Transmuter began the quest for the Orb.
     0 | D:1      | Reached XP level 1. HP: 19/19 MP: 3/3
   204 | D:2      | Reached skill level 2 in Fighting
   204 | D:2      | Reached XP level 2. HP: 15/28 MP: 3/5
   650 | D:1      | HP: 1/29 [dart slug (2)]
   784 | D:1      | Reached XP level 3. HP: 3/36 MP: 6/6
  1185 | D:1      | Reached skill level 3 in Fighting
  1189 | D:1      | Learned a level 2 spell: Sticks to Snakes
  1960 | D:2      | Reached XP level 4. HP: 41/45 MP: 4/7
  2589 | D:2      | Learned a level 3 spell: Spider Form
  2665 | D:2      | Reached skill level 4 in Fighting
  2790 | D:2      | Found a faded altar of an unknown god.
  3173 | D:3      | Reached XP level 5. HP: 18/55 MP: 1/8
  4011 | D:3      | Noticed Natasha
  4025 | D:3      | Killed Natasha
  4025 | D:3      | Reached skill level 5 in Fighting
  4072 | D:3      | Noticed Natasha
  4083 | D:3      | Killed Natasha
  4777 | D:3      | Noticed Natasha
  4787 | D:3      | Killed Natasha
  4787 | D:3      | Reached XP level 6. HP: 61/66 MP: 5/9
  5748 | D:4      | Reached skill level 6 in Fighting
  5903 | D:4      | Reached XP level 7. HP: 57/76 MP: 2/10
  6358 | D:4      | Found a glowing golden altar of the Shining One.
  6762 | D:4      | Reached skill level 7 in Fighting
  7045 | D:4      | You fall into a shaft and drop 3 floors!
  7071 | D:7      | Slain by an ogre

Levels and vault maps discovered:
D:1:      dpeg_arrival_rooms_with_view, layout_rooms, feat_on_display
D:2:      layout_loops_ring, chequers_ecumenical_altar_twisty,
          wander_ebering_terrifying_dragon_lair
D:3:      layout_basic, grunt_ministairs_1, uniq_natasha
D:4:      layout_basic, tso_altar
D:7:      layout_basic, nicolae_overflow_hidden_temple,
          minmay_temple_entry_enclosed_plants, gammafunk_ghost_nasty_kobolds,
          minmay_misc_feat_nine_boxes, uniq_harold

Skill      XL: |  1  2  3  4  5  6  7 |
---------------+----------------------+-----
Dodging        | 2 3 |  3.8
Fighting       | 2 3 4 5 6 7 |  7.0
Unarmed Combat | 3 4 |  4.4
Spellcasting   | |  2.4
Transmutations | |  1.7

Action                   |  1- 3 |  4- 6 |  7- 9 || total
-------------------------+-------+-------+-------++-------
Melee: Unarmed           |   146 |   198 |    87 ||   431
       Headbutt          |    13 |     6 |     6 ||    25
       Kick              |     9 |    17 |     2 ||    28
       Punch             |     2 |     1 |     1 ||     4
Throw: Dart              |       |       |     1 ||     1
 Cast: Beastly Appendage |    25 |    36 |     6 ||    67
       Sticks to Snakes  |     1 |    22 |     4 ||    27
       Spider Form       |       |       |     1 ||     1
  Use: Potion            |     1 |     5 |     2 ||     8
       Scroll            |       |     1 |     3 ||     4
 Stab: Sleeping          |       |     1 |       ||     1
  Eat: Chunk             |     4 |    14 |     2 ||    20
       Ration            |       |       |     1 ||     1
Armor: Robe              |    63 |    58 |    22 ||   143
       Skin              |       |    11 |     1 ||    12
Dodge: Dodged            |    81 |   124 |    90 ||   295
